 Dungeon Crawl Stone Soup version 0.27-a0-797-g27d10ad80f (webtiles) character file.

Game seed: 2321087554499045377

29 polve the Slasher (level 3, 0/43 HPs)
             Began as a Demonspawn Abyssal Knight on Mar 27, 2021.
             Was a Follower of Lugonu.
             Slain by an adder (1 damage)
             ... on level 2 of the Dungeon.
             The game lasted 00:00:40 (1621 turns).

polve the Slasher (Demonspawn Abyssal Knight)       Turns: 1621, Time: 00:00:40

Health: 0/43       AC: 21    Str: 12    XL:     3   Next: 1%
Magic:  4/4        EV:  2    Int: 14    God:    Lugonu [*.....]
Gold:   61         SH:  0    Dex: 12    Spells: 2/2 levels left

rFire    . . .     SeeInvis .   a - +1 falchion
rCold    . . .     Faith    .   (no shield)
rNeg     + + +     Spirit   .   (armour currently unavailable)
rPois    +         Reflect  .   (helmet currently unavailable)
rElec    .         Harm     .   (cloak currently unavailable)
rCorr    .         Rampage  .   (gloves currently unavailable)
Will     .....     NoTele   +   (boots currently unavailable)
Stlth    +.........             (no amulet)
HPRegen  0.14/turn              (no ring)
MPRegen  0.09/turn              (no ring)

@: mighty, tree-form, attractive
A: stationary, stasis, torment immunity, boosted hp, powered by death 1
a: Renounce Religion, Depart the Abyss


You were on level 2 of the Dungeon.
You worshipped Lugonu.
Lugonu was aware of your devotion.
You were a tree.
You visited 1 branch of the dungeon, and saw 2 of its levels.
You visited the Abyss 1 time.

You collected 61 gold pieces.

Inventory:

Hand Weapons
 a - a +1 falchion (weapon)
Armour
 b - a +0 leather armour (melded)
Scrolls
 c - a scroll of vulnerability {unknown}
 g - a scroll of identify {unknown}
Potions
 e - 2 potions of attraction


   Skills:
 - Level 3.0 Fighting
 + Level 3.2 Long Blades
 - Level 1.7 Armour
 - Level 0.8 Dodging
 - Level 2.4 Invocations


You had 2 spell levels left.
You didn't know any spells.
Your spell library was empty.

Dungeon Overview and Level Annotations

Branches:
Dungeon (2/15)

Altars:


Innate Abilities, Weirdness & Mutations

You are a tree.
Your roots penetrate the ground, keeping you stationary.
You cannot be teleported.
You are immune to unholy pain and torment.
Your maximum health is greatly increased.
Your equipment is partially melded.
You regenerate a little health from kills.


Message History

The adder is heavily wounded.
The adder bites you.
You barely miss the adder.
The adder is heavily wounded.
The adder bites you.
* * * LOW HITPOINT WARNING * * *
You are poisoned.
The adder poisons you! The adder bites you.
* * * LOW HITPOINT WARNING * * *
You hit the adder.
The adder is severely wounded.
* * * LOW HITPOINT WARNING * * *
You feel sick. The adder misses you.
You barely miss the adder.
The adder is severely wounded.
* * * LOW HITPOINT WARNING * * *
You feel sick. The adder bites you.
* * * LOW HITPOINT WARNING * * *
The adder closely misses you.
You riposte.
You hit the adder.
The adder is almost dead.
It was a potion of lignification.
You turn into a tree.
Your +0 leather armour melds into your body.
Your roots penetrate the ground.
* * * LOW HITPOINT WARNING * * *
You feel sick. The adder bites you but does no damage.
It was a potion of attraction.
You feel attractive to monsters.
* * * LOW HITPOINT WARNING * * *
You feel sick.
You are no longer poisoned.
The adder bites you but does no damage.
Really quaff the potion of attraction?
Okay, then.
It was a potion of might.
You feel very mighty all of a sudden. The adder barely misses you.
You closely miss the adder.
The adder is almost dead.
The adder bites you but does no damage. The adder bites you.
You die...

≈.####.#.#.# .# #
....#.#.#.####.#.#
#..[............#
##.#............#
#...........#.###
#..#####......<.. ##
#..######.#.#.###
.#...###..##...#.#.#.###
....ZgS♣..##...#)#......
##...#####....†......##
## #<.....)..#####
#.#....(..# #.###....##
#<# #....# #.# ####.#
#.# #.# .#. #.#


You could see an adder, a goblin and a water moccasin skeleton.

Vanquished Creatures
  2 dart slugs (D:2)
  A bat (D:1)
  4 endoplasms
  2 giant cockroaches
  3 hobgoblins
  3 kobolds
  2 quokkas (D:1)
  2 ball pythons (D:2)
  A frilled lizard (D:2)
  A rat (D:2)
21 creatures vanquished.

Notes
Turn   | Place    | Note
-------+----------+-------------------------------------------
     0 | Abyss:1  | polve the Demonspawn Abyssal Knight began the quest for the
                  | Orb.
     0 | Abyss:1  | Reached XP level 1. HP: 18/18 MP: 2/2
    68 | Abyss:1  | Found a corrupted altar of Lugonu.
   100 | D:1      | Escaped the Abyss
   401 | D:1      | Reached * piety under Lugonu
   581 | D:1      | Gained mutation: You regenerate a little health from kills.
                  | [demonic ancestry]
   581 | D:1      | Reached XP level 2. HP: 21/24 MP: 3/3
  1610 | D:2      | Reached XP level 3. HP: 19/29 MP: 4/4
  1617 | D:2      | HP: 1/29 [adder (2)]
  1621 | D:2      | Slain by an adder

Illustrated notes

Levels and vault maps discovered:
D:1:      tarquinn_simple_flora_water_d, layout_basic
D:2:      layout_loops_ring, nicolae_sif_muna_condensation,
          nicolae_tso_swordbearing_angel

Skill      XL: |  1  2 |
---------------+-------+-----
Long Blades    | 2 3 |  3.2
Fighting       | |  3.0
Armour         | |  1.7
Dodging        | |  0.8
Invocations    | |  2.4

Action                   || total
-------------------------++-------
Melee: Falchion          ||    63
Invok: Depart the Abyss  ||     1
  Use: Potion            ||     3
Armor: Leather armour    ||    15
       Skin              ||     3
Dodge: Dodged            ||    27
       Rpst.: Falchion   ||     8

Table legend: (Time is in decaauts)
 A = Elapsed time spent in this place.
 B = Non-inter-level travel time spent in this place.
 C = Inter-level travel time spent in this place.
 D = Time resting spent in this place.
 E = Time spent auto-exploring this place.
 F = Levels seen in this place.
 G = Mean time per level.
                   A        B        C        D        E       F      G
               +--------+--------+--------+--------+--------+-----+--------+
         Total |   1630 |   1581 |     49 |      0 |   1445 |   3 |  543.3 |
       Dungeon |   1530 |   1481 |     49 |      0 |   1346 |   2 |  765.0 |
         Abyss |    100 |    100 |      0 |      0 |     99 |   1 |  100.0 |
               +--------+--------+--------+--------+--------+-----+--------+

Top non-repeatable levels by time:
     D:1: 1393 daAuts
     D:2: 136 daAuts
 Abyss:1: 100 daAuts
